 Dungeon Crawl Stone Soup version 0.21-a0-28-g9a7844a (webtiles) character file.

717 Firecrotchwizard the Grappler (level 7, -5/66 HPs)
             Began as a Troll Monk on May 26, 2017.
             Slain by an ogre
             ... wielding a +0 giant club
              (15 damage)
             ... on level 5 of the Dungeon.
             The game lasted 00:06:24 (3006 turns).

Firecrotchwizard the Grappler (Troll Monk)          Turns: 3006, Time: 00:06:25

Health: -5/66      AC:  5    Str: 20    XL:     7   Next: 42%
Magic:  15/15      EV: 11    Int:  6    God:
Gold:   193        SH:  0    Dex: 14    Spells: 6/6 levels left

rFire    . . .     SeeInvis .     - Unarmed
rCold    . . .     Gourm    +   (no shield)
rNeg     . . .     Faith    .   a - +0 robe
rPois    .         Spirit   .   (helmet restricted)
rElec    .         Reflect  .   (no cloak)
rCorr    .         Harm     .   (gloves unavailable)
MR       .....                  (boots unavailable)
Stlth    ++........             p - amulet of magic regeneration
Regen    0.7/turn               y - ring of magical power {MP+9}
MPRegen  0.3/turn               s - +4 ring of slaying

@: no status effects
A: unfitting armour, claws 3, fast metabolism 3, gourmand, regeneration 1,
shaggy fur 1, tough skin 2
a: no special abilities


You were on level 5 of the Dungeon.
You were not hungry.

You visited 1 branch of the dungeon, and saw 5 of its levels.

You collected 193 gold pieces.

Inventory:

Hand Weapons
 B - a +1 shortbow of velocity
   (You took it off a centaur on level 5 of the Dungeon)
Armour
 a - a +0 robe (worn)
Jewellery
 c - an uncursed ring of positive energy {rN+}
   (You found it on level 1 of the Dungeon)
 p - an amulet of magic regeneration (around neck)
   (You found it on level 2 of the Dungeon)
 s - a +4 ring of slaying (right claw)
   (You found it on level 2 of the Dungeon)
 y - a ring of magical power (left claw) {MP+9}
   (You found it on level 4 of the Dungeon)
Wands
 x - a wand of confusion (15/48)
   (You found it on level 4 of the Dungeon)
Scrolls
 e - 4 scrolls of identify {unknown}
 f - a scroll of remove curse {unknown}
 h - a scroll of fog {unknown}
 i - a scroll of enchant armour {unknown}
 j - 2 scrolls of amnesia {unknown}
 r - a scroll of recharging {unknown}
 u - a scroll of fear {unknown}
 v - a scroll of noise {unknown}
Potions
 d - 2 potions of lignification {unknown}
 g - a potion of agility {unknown}
 l - a potion of curing {unknown}
 m - 2 potions of invisibility
 o - a potion of brilliance {unknown}
 t - 2 potions of magic {unknown}
 w - a potion of mutation {unknown}
 z - a potion of haste {unknown}
 A - a potion of heal wounds {unknown}
Comestibles
 b - 7 bread rations {@e1}
 k - a meat ration {@e2}
 n - 4 fruits
 q - 2 royal jellies


   Skills:
 + Level 2.7 Fighting
 + Level 0.8 Throwing
 + Level 2.6 Dodging
 - Level 1.0 Stealth
 - Level 8.4 Unarmed Combat


You had 6 spell levels left.
You didn't know any spells.

Dungeon Overview and Level Annotations

Branches:
Dungeon (5/15)
 Temple: D:4-7

Altars:
Cheibriados
Yredelemnul
The Shining One

Annotations:
D:3 exclusion: Ijyb, Grinder, Ijyb
D:5 Mrebitz's ghost, novice HaSk


Innate Abilities, Weirdness & Mutations

You are too large for most types of armour.
You have claws for hands.
Your metabolism is lightning-fast.
You like to eat raw meat.
Your natural rate of healing is unusually fast.
You are covered in fur. (AC +1)
You have very tough skin. (AC +2)


Message History

You barely miss the worker ant. The worker ant bites you.
You take 1 damage, and have 65/66 hp.
You closely miss the worker ant. The worker ant closely misses you.
Health restored: 66 You claw the worker ant!
The worker ant bites you but does no damage.
You mangle the worker ant!!
You kill the worker ant!
No target in view!
You may need something to eat soon, looking for food.
Can't find anything matching that.
Sorry, you're not good enough to have a special ability.
You butcher the worker ant corpse.
A - 3 chunks of flesh {@w0} Eating one of 3 chunks of flesh {@w0}.
You eat one of the 3 chunks of flesh {@w0}.
This raw flesh tastes great.
Eating one of 2 chunks of flesh {@w0}.
You eat one of the 2 chunks of flesh {@w0}.
This raw flesh tastes great.
Eating a chunk of flesh {@w0}.
You eat the chunk of flesh {@w0}.
This raw flesh tastes great.
A - a glowing golden potion You may need something to eat soon, looking for food.
Can't find anything matching that.
Sorry, you're not good enough to have a special ability.
Found a stone staircase leading up.
A centaur comes into view.
The centaur shouts!
The centaur wields a runed shortbow.
The centaur shoots an arrow.
The arrow closely misses you.
A centaur is nearby!
The centaur shoots an arrow.
The arrow hits you.
The centaur shoots an arrow.
The arrow hits you.
You see here 2 arrows.
You take 8 damage, and have 58/66 hp.
The centaur shoots an arrow.
The arrow hits you.
You see here an arrow.
You take 2 damage, and have 56/66 hp.
The centaur shoots an arrow.
The arrow hits you!
Things that are here:
an arrow; 9 gold pieces You take 8 damage, and have 48/66 hp.
The centaur unwields an uncursed shortbow of velocity.
The centaur hits you! The centaur barely misses you.
You take 8 damage, and have 40/66 hp.
You scratch the centaur. The centaur hits you.
You take 4 damage, and have 36/66 hp.
You barely miss the centaur. The centaur hits you.
You take 1 damage, and have 35/66 hp.
You claw the centaur! The centaur hits you.
You take 4 damage, and have 31/66 hp.
You are too injured to fight recklessly!
You are too injured to fight recklessly!
You are too injured to fight recklessly!
You are too injured to fight recklessly!
You scratch the centaur.
You kill the centaur!
B - an uncursed shortbow of velocity
Things that are here:
3 arrows; a centaur corpse You butcher the centaur corpse.
C - 2 chunks of flesh {@w0} You see here 3 arrows.
You regained 2 hp, and now have 34/66 hp.
You start resting.
Eating one of 2 chunks of flesh {@w0}.
You eat one of the 2 chunks of flesh {@w0}.
This raw flesh tastes great.
Eating a chunk of flesh {@w0}.
You eat the chunk of flesh {@w0}.
This raw flesh tastes great.
Health restored: 66 You may need something to eat soon, looking for food.
Can't find anything matching that.
Sorry, you're not good enough to have a special ability.
You now have 193 gold pieces (gained 9).
You see here an arrow.
You see here a short sword.
b - 7 bread rations {@e1} (gained 1)
Found a stone staircase leading down.
m - 2 potions of invisibility (gained 1)
An ogre comes into view. It is wielding a giant club.
The ogre shouts!
An ogre is nearby!
The ogre hits you with a giant club!!
You take 25 damage, and have 41/66 hp.
MASSIVE DAMAGE!!
You barely miss the ogre. The ogre barely misses you.
You barely miss the ogre. You barely miss the ogre.
The ogre hits you with a giant club!!
* * * LOW HITPOINT WARNING * * *
You take 27 damage, and have 15/66 hp.
MASSIVE DAMAGE!!
You scratch the ogre. You scratch the ogre but do no damage.
The ogre closely misses you.
You scratch the ogre. The ogre hits you with a giant club!
* * * LOW HITPOINT WARNING * * *
You take 7 damage, and have 9/66 hp.
You claw the ogre! You scratch the ogre. The ogre hits you with a giant club!
You die...

#...........#######.##.#
#######.(...........##.#
#.#...#######....#
#.##.## #.#### #.####
##.## #...# ####.#.#####
###.# #...###..... #.#
#.##.#.####.
#@#####.###.##
#O##........#
#.##........#
#.##..........
#...............
####<......######
#........ #.......#
#########


You could see an ogre.

Vanquished Creatures
  A hungry ghost (D:5)
  A water moccasin (D:5)
  A phantom (D:4)
  An ogre (D:4)
  A centaur (D:5)
  Natasha (thrice) (D:2)
  3 worker ants
  3 adders
  2 oozes
  A worm (D:2)
  A dart slug (D:3)
  2 leopard geckos (D:4)
  An orc (D:3)
  2 ball pythons
  3 bats
  5 giant cockroaches
  2 goblins (D:1)
  6 hobgoblins
  2 jackals (D:2)
  6 kobolds
  A quokka (D:2)
  A frilled lizard (D:1)
  A jackal skeleton (D:4)
  A quokka zombie (D:5)
  9 rats
60 creatures vanquished.

Notes
Turn   | Place    | Note
-------+----------+-------------------------------------------
     0 | D:1      | Firecrotchwizard the Troll Monk began the quest for the Orb.
     0 | D:1      | Reached XP level 1. HP: 22/22 MP: 0/0
   139 | D:1      | Reached XP level 2. HP: 29/29 MP: 1/1
   553 | D:1      | Reached skill level 4 in Unarmed Combat
   853 | D:2      | Reached XP level 3. HP: 27/36 MP: 2/2
   889 | D:2      | Found a snail-covered altar of Cheibriados.
   898 | D:2      | Noticed Natasha
   912 | D:2      | Killed Natasha
  1092 | D:2      | Reached XP level 4. HP: 40/44 MP: 3/3
  1131 | D:2      | Reached skill level 5 in Unarmed Combat
  1237 | D:2      | Noticed Natasha
  1253 | D:2      | Killed Natasha
  1360 | D:2      | Noticed Natasha
  1364 | D:2      | Killed Natasha
  1521 | D:3      | Reached XP level 5. HP: 50/50 MP: 4/4
  1531 | D:3      | Noticed Ijyb
  1577 | D:3      | Found a snail-covered altar of Cheibriados.
  1625 | D:3      | Noticed Grinder
  1698 | D:4      | Reached skill level 6 in Unarmed Combat
  1717 | D:4      | Found a basalt altar of Yredelemnul.
  1789 | D:4      | Noticed a phantom
  1815 | D:4      | Killed a phantom
  1815 | D:4      | Reached XP level 6. HP: 37/59 MP: 5/5
  2388 | D:4      | Found a glowing golden altar of the Shining One.
  2536 | D:5      | Entered Level 5 of the Dungeon
  2536 | D:5      | Noticed a water moccasin
  2540 | D:5      | Noticed Mrebitz's ghost (novice HaSk)
  2542 | D:4      | Reached skill level 7 in Unarmed Combat
  2677 | D:5      | Killed a water moccasin
  2737 | D:5      | Noticed a hungry ghost
  2744 | D:5      | Killed a hungry ghost
  2744 | D:5      | Reached skill level 8 in Unarmed Combat
  2744 | D:5      | Reached XP level 7. HP: 64/66 MP: 6/6
  3001 | D:5      | HP: 15/66 [ogre/giant club (27)]
  3006 | D:5      | Slain by an ogre

Vault maps used:
D:1:      kennysheep_arrival_forest
D:2:      nicolae_overflow_crystal_walls, first_bread, uniq_natasha
D:3:      nicolae_overflow_hidden_temple, kennysheep_cluttered_room,
          kennysheep_slug_shrine, uniq_ijyb, uniq_grinder
D:4:      lemuel_doored_altar, lemuel_round_altar

Skill      XL: |  1  2  3  4  5  6 |
---------------+-------------------+-----
Unarmed Combat | 4 5 6 8 |  8.4
Fighting       | |  2.7
Throwing       | |  0.8
Dodging        | |  2.6
Stealth        | |  1.0

Action                   |  1- 3 |  4- 6 |  7- 9 || total
-------------------------+-------+-------+-------++-------
Melee: Unarmed           |    87 |    78 |    17 ||   182
       Punch             |     1 |     2 |       ||     3
 Stab: Sleeping          |     1 |     5 |       ||     6
  Eat: Chunk             |    15 |    10 |     5 ||    30
Armor: Robe              |    31 |    17 |     2 ||    50
Dodge: Dodged            |    54 |    29 |     6 ||    89

Vault maps used:
D:1:      kennysheep_arrival_forest
D:2:      nicolae_overflow_crystal_walls, first_bread, uniq_natasha
D:3:      nicolae_overflow_hidden_temple, kennysheep_cluttered_room,
          kennysheep_slug_shrine, uniq_ijyb, uniq_grinder
D:4:      lemuel_doored_altar, lemuel_round_altar

Table legend:
 A = Turns spent in this place as a percentage of turns spent in the entire game.
 B = Non-inter-level travel turns spent in this place as a percentage of non-inter-level travel turns spent in the entire game.
 C = Inter-level travel turns spent in this place as a percentage of turns spent in this place.
 D = Turns resting spent in this place as a percentage of non-inter-level travel turns spent in this place.
 E = Turns spent auto-exploring this place as a percentage of non-inter-level travel turns spent in this place.
 F = Non-inter-level travel turns spent in this place divided by the number of levels of this place that you've seen.
                   A       B       C       D       E      F
               +-------+-------+-------+-------+-------+----------------------
         Total | 100.0 | 100.0 |   1.0 |   3.6 |  13.5 | 155.2
       Dungeon | 100.0 | 100.0 |   1.0 |   3.6 |  13.5 | 155.2
               +-------+-------+-------+-------+-------+----------------------

Table legend:
 A = Kills in this place as a percentage of kills in entire the game.
 B = Kills by you in this place as a percentage of kills by you in the entire game.
 C = Kills by friends in this place as a percentage of kills by friends in the entire game.
 D = Other kills in this place as a percentage of other kills in the entire game.
 E = Experience gained in this place as a percentage of experience gained in the entire game.
 F = Experience gained in this place divided by the number of levels of this place that you have seen.
                   A       B       C       D       E      F
               +-------+-------+-------+-------+-------+----------------------
         Total | 100.0 | 100.0 |  -nan |  -nan | 100.0 | 205.0
       Dungeon | 100.0 | 100.0 |  -nan |  -nan | 100.0 | 205.0
               +-------+-------+-------+-------+-------+----------------------
